 Dungeon Crawl Stone Soup version 0.23.2-33-g5129a83184 (webtiles) character file.

Game seed: 6830014473160443581

9580 funkygono the Basher (level 11, -4/68 HPs)
             Began as a Gargoyle Fighter on July 16, 2019.
             Was a Believer of Ashenzari.
             Hit by a large rock thrown by a cyclops (11 damage)
             ... on level 11 of the Dungeon.
             The game lasted 00:27:31 (11505 turns).

funkygono the Basher (Gargoyle Fighter)            Turns: 11505, Time: 00:27:32

Health: -4/68      AC: 27    Str: 23    XL:     11   Next: 48%
Magic:  0/11       EV: 10    Int:  9    God:    Ashenzari [**....]
Gold:   816        SH: 12    Dex:  9    Spells: 10/10 levels left

rFire    . . .     SeeInvis .   g - +2 mace (holy)
rCold    + + .     Gourm    .   c - +0 shield
rNeg     + . .     Faith    +   h - +0 ice dragon scales (curse)
rPois    ∞         Spirit   +   K - +1 helmet
rElec    +         Reflect  .   I - scarf {Spirit}
rCorr    .         Harm     .   H - +2 pair of gloves (curse)
MR       .....                  e - +0 pair of boots
Stlth    ..........             d - amulet of faith (curse)
HPRegen  0.21/turn              J - ring of protection from fire
MPRegen  0.12/turn              (no ring)

@: no status effects
A: negative energy resistance 1, electricity resistance, unbreathing,
petrification resistance, rot immunity, AC +8
a: Curse Item, Scrying, Renounce Religion


You were on level 11 of the Dungeon.
You worshipped Ashenzari.
Ashenzari was pleased with you.
You were not hungry.

You visited 2 branches of the dungeon, and saw 12 of its levels.
You also visited: Ossuary.

You collected 816 gold pieces.

Inventory:

Hand Weapons
 a - a +2 flail
 g - a +2 mace of holy wrath (weapon)
 l - a +0 hunting sling
 s - a +2 hunting sling of velocity
Missiles
 b - 71 sling bullets
 i - 309 stones (quivered)
Armour
 c - a +0 shield (worn)
 e - a +0 pair of boots (worn)
 h - cursed +0 ice dragon scales (worn)
 H - a cursed +2 pair of gloves (worn)
 I - a scarf of spirit shield (worn)
 K - a +1 helmet (worn)
Magical Staves
 A - an uncursed staff of energy
Jewellery
 d - a cursed amulet of faith (around neck)
 J - a ring of protection from fire (left hand)
Wands
 q - a wand of paralysis (11)
 y - a wand of acid (11)
Scrolls
 o - a scroll of magic mapping
 p - 2 scrolls of amnesia
 u - 2 scrolls of teleportation
 v - 2 scrolls of remove curse
 z - a scroll of blinking
 B - a scroll of fog
 E - 2 scrolls of fear
Potions
 j - 8 potions of brilliance
 k - a potion of lignification
 m - 13 potions of curing
 n - 3 potions of heal wounds
 r - 3 potions of mutation
 t - a potion of might
 w - a potion of haste
 C - 4 potions of invisibility
 D - 3 potions of flight
 F - 3 potions of ambrosia
 G - a potion of magic
Comestibles
 f - 16 rations
 x - 13 chunks of flesh


   Skills:
 + Level 7.9 Fighting
 + Level 10.6 Maces & Flails
 + Level 8.1 Armour
 + Level 4.7 Dodging
 + Level 1.5 Stealth
 + Level 10.3 Shields


You had 10 spell levels left.
You didn't know any spells.
Your spell library contained the following spells:

 Spells                   Type           Power        Failure   Level  Hunger
 Cause Fear               Hex            #.........   100%        4    #####..
 Irradiate                Conj/Tmut      #.........   100%        5    ######.
 Silence                  Hex/Air        #.........   100%        5    ######.
 Yara's Violent Unravell  Hex/Tmut       #.........   100%        5    ######.
 Deflect Missiles         Chrm/Air       #.........   100%        6    #######
 Hydra Form               Tmut           #.........   100%        6    #######
 Dragon Form              Tmut           #.........   100%        7    #######
 Discord                  Hex            #.........   100%        8    #######
 Statue Form              Tmut/Erth      Unusable     N/A         6    N/A

Dungeon Overview and Level Annotations

Branches:
Dungeon (11/15)            Temple (1/1) D:5            Lair (0/6) D:9
    Orc (0/2) D:11

Altars:
Ashenzari
Cheibriados
Dithmenos
Elyvilon
Fedhas
Hepliaklqana
Kikubaaqudgha
Makhleb
Okawaru
Qazlal
Ru
Sif Muna
Trog
Uskayaw
Vehumet
Xom
Yredelemnul
Zin
The Shining One

Shops:
D:7 ?   D:11 [

Annotations:
D:7 1 runed translucent door, Spirit's ghost, novice HOFi
D:11 Harold; Psyche


Innate Abilities, Weirdness & Mutations

You are resistant to torment.
Your stone body is resilient. (AC +8)
You are immune to poison.
You resist negative energy. (rN+)
You are resistant to electric shocks. (rElec)
You can survive without breathing.
You are immune to petrification.
You are immune to rotting.


Message History

The centaur hits you but does no damage.
Found a leatherbound book.
You see here an arrow.
The centaur hits you but does no damage.
The cyclops shouts!
The cyclops throws a large rock.
The large rock hits you but does no damage.
You see here a large rock.
The centaur closely misses you.
You see here a book of Transfigurations.
You pick up a book of Transfigurations and begin reading...
You add the spells Irradiate, Hydra Form and Dragon Form to your library.
The centaur misses you.
The bullfrog zombie hits you but does no damage.
The cyclops throws a large rock.
The large rock hits you.
* * * LOW HITPOINT WARNING * * *
The centaur hits you.
* * * LOW HITPOINT WARNING * * *
The cyclops throws a large rock.
The large rock hits you!
You die...

.....Y####@...........#* #....
..[..{ #.............## #....
...Y, * #(.........?...# #....
,.#.. ##..............# #.... #
#. *##..#............####o... .
#..*#..####...........(..C...
#.##.##...............(........
,......#ooYcZ........#.{YYoO..
...........(###c@<........##ol###
...>###.#...###...........###@#
..... #...{{.##...........# #.#
.....####.o#.##..........## ###
c###...##o.#..#..........
..####...Y.##..C.........
..........T#####.........##* *
...####....o.............. # Y..#
##..............(..####.#


You could see a cyclops, a yak, 2 orc warriors, 2 centaurs and a bullfrog
zombie.

Vanquished Creatures
  Erica (D:10)
  3 two-headed ogres
  An unseen horror (D:10)
  Pikel (D:6)
  A hippogriff (D:9)
  Sigmund (D:3)
  A spriggan (D:9)
  9 yaks
  A wyvern (D:10)
  2 hungry ghosts (D:10)
  A water moccasin (D:7)
  3 black bears
  A hornet zombie (D:10)
  An eye of draining (D:10)
  2 slaves (D:6)
  A necrophage (D:9)
  A phantom (D:6)
  8 ogres
  3 centaurs
  A big kobold (D:6)
  3 bullfrogs
  A wyvern skeleton (D:3)
  A scorpion (D:8)
  6 killer bees
  2 howler monkeys
  2 crimson imps
  A bullfrog zombie (D:8)
  11 hounds
  3 orc priests
  A quasit (D:10)
  3 jellies (D:10)
  5 orc wizards
  Jessica (D:2)
  3 bullfrog skeletons
  5 iguanas
  5 worker ants
  A big kobold zombie (Ossuary)
  8 mummies (Ossuary)
  A worker ant zombie (D:8)
  13 adders
  4 gnolls (D:8)
  5 shadow imps
  3 oozes
  3 adder zombies
  An adder skeleton (D:9)
  3 worms
  2 dart slugs
  7 leopard geckos
  23 orcs
  2 giant cockroaches
  11 goblins
  A hobgoblin (D:1)
  7 jackals
  11 kobolds
  3 quokkas
  5 ball pythons
  3 bats
  6 frilled lizards
  A gnoll zombie (Ossuary)
  3 hobgoblin zombies (Ossuary)
  3 leopard gecko skeletons
  3 orc zombies (Ossuary)
  A quokka zombie (D:8)
  6 rats
236 creatures vanquished.

Notes
Turn   | Place    | Note
-------+----------+-------------------------------------------
     0 | D:1      | funkygono the Gargoyle Fighter began the quest for the Orb.
     0 | D:1      | Reached XP level 1. HP: 14/14 MP: 1/1
   165 | D:1      | Reached XP level 2. HP: 19/19 MP: 2/2
   551 | D:1      | You fall through a shaft!
   561 | D:2      | Reached XP level 3. HP: 19/24 MP: 3/3
  1154 | D:2      | Noticed Jessica
  1166 | D:2      | Killed Jessica
  1166 | D:2      | Reached XP level 4. HP: 23/29 MP: 4/4
  1729 | D:3      | Reached skill level 1 in Dodging
  1729 | D:3      | Reached XP level 5. HP: 14/33 MP: 5/5
  1928 | D:3      | Noticed a black bear
  1940 | D:3      | Killed a black bear
  1940 | D:3      | Reached XP level 6. HP: 20/38 MP: 6/6
  2332 | D:3      | Found a burning altar of Makhleb.
  2388 | D:3      | Noticed Sigmund
  2399 | D:3      | Killed Sigmund
  2399 | D:3      | Reached XP level 7. HP: 33/44 MP: 7/7
  2448 | D:3      | Found an ancient bone altar of Kikubaaqudgha.
  2449 | D:3      | Found an iron altar of Okawaru.
  3115 | D:4      | Reached skill level 5 in Shields
  3398 | D:4      | Reached skill level 5 in Maces & Flails
  4256 | D:5      | Entered Level 5 of the Dungeon
  4260 | D:5      | Found a staircase to the Ecumenical Temple.
  4280 | D:5      | Reached XP level 8. HP: 48/48 MP: 8/8
  4311 | Temple   | Entered the Ecumenical Temple
  4319 | Temple   | Became a worshipper of Ashenzari the Shackled
  4355 | D:5      | Found a hide-covered altar of Uskayaw.
  4363 | D:5      | Reached skill level 5 in Armour
  4680 | D:5      | Reached skill level 5 in Fighting
  5479 | D:6      | Noticed Pikel
  5551 | D:6      | Killed Pikel
  5551 | D:6      | Reached XP level 9. HP: 54/54 MP: 9/9
  5633 | D:6      | Found a shattered altar of Ashenzari.
  6194 | D:6      | Reached * piety under Ashenzari
  6386 | D:7      | Found Hypsaunt's Magic Scroll Shoppe.
  6492 | D:7      | Found a sacrificial altar of Ru.
  6839 | D:7      | Found a runed translucent door.
  6839 | D:7      | Noticed Spirit's ghost (novice HOFi)
  7314 | D:8      | Found a sand-covered staircase.
  7443 | Ossuary  | Entered an ossuary
  7887 | D:8      | Found a shimmering altar of Xom.
  8006 | D:8      | Reached ** piety under Ashenzari
  8085 | D:9      | Found a staircase to the Lair.
  8261 | D:9      | Reached XP level 10. HP: 44/60 MP: 2/10
  8502 | D:9      | Noticed a two-headed ogre
  8540 | D:9      | Killed a two-headed ogre
  8691 | D:9      | Noticed a two-headed ogre
  8720 | D:9      | Killed a two-headed ogre
  8720 | D:9      | Reached skill level 1 in Stealth
  9118 | D:10     | Entered Level 10 of the Dungeon
  9653 | D:10     | Reached skill level 10 in Maces & Flails
  9686 | D:10     | Noticed Erica
  9692 | D:10     | Noticed a two-headed ogre
 10099 | D:10     | Reached XP level 11. HP: 49/67 MP: 8/11
 10168 | D:10     | Killed a two-headed ogre
 10168 | D:10     | Reached skill level 10 in Shields
 10315 | D:10     | Killed Erica
 10597 | D:11     | Noticed Harold
 10600 | D:11     | Noticed Psyche
 10622 | D:11     | Noticed a cyclops
 10625 | D:11     | Noticed a cyclops
 10633 | D:11     | Noticed a cyclops
 10731 | D:10     | Killed an unseen horror
 11463 | D:11     | Noticed a two-headed ogre
 11471 | D:11     | Found a staircase to the Orcish Mines.
 11471 | D:11     | Found Lossi's Armour Shop.
 11505 | D:11     | Hit by a large rock thrown by a cyclops

Skill      XL: |  1  2  3  4  5  6  7  8  9 10 11 |
---------------+----------------------------------+-----
Shields        | 4 6 7 8 9 10 | 10.3
Fighting       | 4 5 6 7 |  7.9
Maces & Flails | 3 4 5 7 8 10 | 10.6
Armour         | 4 5 6 7 8 |  8.1
Dodging        | 1 2 3 4 |  4.7
Stealth        | 1 |  1.5

Action                   |  1- 3 |  4- 6 |  7- 9 | 10-12 || total
-------------------------+-------+-------+-------+-------++-------
Melee: Flail             |   108 |   119 |     5 |       ||   232
       Mace              |       |       |   715 |   516 ||  1231
Invok: Curse Item        |       |       |     3 |       ||     3
  Use: Scroll            |     2 |     6 |    11 |    10 ||    29
       Potion            |       |       |     1 |     3 ||     4
  Eat: Chunk             |     1 |     4 |    20 |    10 ||    35
       Ration            |       |       |       |     2 ||     2
Armor: Scale mail        |     8 |       |       |       ||     8
       Ice dragon scales |    64 |    67 |   448 |   379 ||   958
Dodge: Dodged            |    38 |    36 |   283 |   251 ||   608
Block: Shield            |    60 |    60 |   460 |   352 ||   932
